[Event "*** Titled Tuesday Blitz"]
[Site "Chess.com"]
[Date "2021.04.20"]
[Round "1"]
[White "Grandelicious"]
[Black "alejogarcia1999"]
[Result "0-1"]
[WhiteElo "2814"]
[BlackElo "2461"]
[TimeControl "180+1"]
[EndTime "10:07:25 PDT"]
[Termination "alejogarcia1999 won by resignation"]

1. d4 Nf6 2. c4 g6 3. Bg5 Bg7 4. Nc3 h6 5. Bh4 O-O 6. e3 d6 7.
Be2 Nbd7 8. Nf3 e5 9. h3 Re8 10.
O-O b6 11. Qc2 Bb7 12. Rad1 exd4 13. Nxd4 Nc5 14. Qc1 Qd7 15. Bg3 a5 16. Ndb5 Nfe4 17.
Nxe4 Nxe4 18. Bh2 Ng5 19. f3 Ne6 20. Bg3 Qe7 21. Bf2 Qf6 22. b3 a4 23. b4 Qe7 24. a3 Bf6 25. Nc3 Bh4 26. Nd5 Bxf2+ 27. Rxf2 Qh4 28. Qc3 Bxd5 29. cxd5 Ng5 30. e4 Qg3 31.
Kf1 Nxe4 32. Qd4 Nxf2 33. Qxf2 Qxf2+ 34. Kxf2 Re5 35. Bb5 f5 36. Rc1 Ra7 37. Bc6 Kf8 38.
h4 Kg7 39. Rc4 Kf6 40. Rc1 g5 41. hxg5+ hxg5 42. Rh1 Kg7 43. Rh5 f4 44. g3 fxg3+ 45.
Kxg3 Kg6 46. Be8+ Rxe8 0-1

[Event "*** Titled Tuesday Blitz"]
[Site "Chess.com"]
[Date "2021.04.20"]
[Round "1"]
[White "GregShahade"]
[Black "AttractiveMustard"]
[Result "1-0"]
[WhiteElo "2714"]
[BlackElo "2392"]
[TimeControl "180+1"]
[EndTime "10:07:25 PDT"]
[Termination "GregShahade won on time"]

1. e4 c5 2. Nf3 Nc6 3. d4 cxd4 4. Nxd4 Nf6 5. Nc3 d6 6. f3 e5 7. Nb3 Be7 8. Be3 O-O 9. Qd2 a5 10. Bb5 Be6 11. Rd1 Na7 12. Bd3 Nc6 13. a3 a4 14. Nc1 d5 15. exd5 Nxd5 16. Nxd5 Qxd5 17. Bxh7+ Kxh7 18. Qxd5 Bxd5 19. Rxd5 Rfd8 20. Rxd8 Rxd8 21. Ke2 Na5 22. Nd3 Nc4 23. Bc1 Rd4 24. c3 Rd5 25.
Rd1 f5 26. Nf2 Rb5 27. Rd7 Bf6 28. Nd3 e4 29. fxe4 fxe4 30. Nb4 Kg6 31. g4 Bh4 32.
Rc7 Ne5 33. h3 Nf3 34. Be3 b6 35. c4 Re5 36. Rc6+ Kf7 37. Rxb6 Bf6 38. Nd5 Re8 39. Rb7+ Kg6 40. Rb4 1-0

[Event "*** Titled Tuesday Blitz"]
[Site "Chess.com"]
[Date "2021.04.20"]
[Round "1"]
[White "saikrishnaReturns"]
[Black "kidagent"]
[Result "1-0"]
[WhiteElo "2653"]
[BlackElo "2346"]
[TimeControl "180+1"]
[EndTime "10:07:25 PDT"]
[Termination "saikrishnaReturns won by resignation"]

1. e4 c5 2. Nf3 d6 3. Nc3 Nf6 4. d4 cxd4 5. Nxd4 a6 6. Bg5 Nbd7 7. Bc4 e6 8. Qe2 Qa5 9. f4 b5 10. Bb3 Bb7 11. f5 e5 12. Ne6 Nxe4 13. O-O Nxc3 14.
bxc3 fxe6 15. fxe6 Nf6 16. Rxf6 gxf6 17. Qh5+ Kd8 18.
Bxf6+ Kc7 19. Bxh8 Qxc3 20. Qxh7+ Kb6 21. Rf1 Qe3+ 22.
Kh1 Be4 23. Qh4 d5 24. e7 Bh6 25. Bxe5 Qe2 26. Bd4+ Ka5 27. Qe1+ Qxe1 28. Rxe1 Bd2 29. Rxe4 dxe4 30. Bf7 e3 31. e8=Q Rxe8 32. Bxe8 e2 33. Bf2 e1=Q+ 34. Bxe1 Bxe1 35. g4 Bh4 36. Kg2 Kb4 37. Kf3 Kc3 38. Ke4 Kxc2 39. Kf5 Kb2 40. Bf7 a5 41. g5 Bf2 42. g6 Bd4 43. h4 a4 44. h5 Bg7 45. Kg5 b4 46. h6 Bxh6+ 47. Kxh6 b3 48. axb3 axb3 49. Bxb3 Kxb3 50.
g7 Kc3 51. g8=Q 1-0

[Event "*** Titled Tuesday Blitz"]
[Site "Chess.com"]
[Date "2021.04.20"]
[Round "1"]
[White "Margency"]
[Black "vanyakuba"]
[Result "1-0"]
[WhiteElo "2716"]
[BlackElo "2396"]
[TimeControl "180+1"]
[EndTime "10:07:26 PDT"]
[Termination "Margency won by resignation"]

1. e4 d5 2. exd5 Qxd5 3. Nc3 Qa5 4. d4 Nf6 5. Nf3 Bg4 6. h3 Bh5 7. g4 Bg6 8. Ne5 e6 9. h4 Bb4 10. Bd2 Qb6 11. h5 Be4 12. Nxe4 Nxe4 13. c3 Nxd2 14. Qxd2 Be7 15. O-O-O Nd7 16. Nxd7 Kxd7 17. h6 g6 18. f4 Rad8 19. Bc4 Kc8 20. f5 exf5 21.
gxf5 gxf5 22. Rhf1 Qf6 23. Kb1 Bd6 24. Qe2 f4 25.
Qh5 Rdf8 26. Ka1 c6 27. Rde1 Rhg8 28. Bd3 Rh8 29. Re4 Re8 30. Rxe8+ Rxe8 31. Bxh7 Rh8 32. Bf5+ Kc7 33. h7 c5 34. dxc5 Be5 35. Be4 Bxc3 36. Qd5 Bxb2+ 37. Kb1 Rb8 38. Qd6+ Qxd6 39. cxd6+ Kxd6 40. Kxb2 Ke5 41. Rg1 Rh8 42. Rg8 1-0

[Event "*** Titled Tuesday Blitz"]
[Site "Chess.com"]
[Date "2021.04.20"]
[Round "1"]
[White "GracefulYear"]
[Black "TheRealPeakyBlinder"]
[Result "0-1"]
[WhiteElo "2346"]
[BlackElo "2656"]
[TimeControl "180+1"]
[EndTime "10:07:26 PDT"]
[Termination "TheRealPeakyBlinder won by checkmate"]

1. d4 e6 2. c4 f5 3. Nc3 Nf6 4. Nf3 Be7 5. e3 O-O 6. Be2 b6 7. O-O Bb7 8. b3 Qe8 9. Bb2 d6 10. Rc1 Nbd7 11. Nb5 Bd8 12. b4 Ne4 13. Qb3 Qg6 14.
Rfd1 a5 15. a3 axb4 16. axb4 Ndf6 17. c5 Bd5 18. Bc4 Nxc5 19. dxc5 Bxf3 20. Bxe6+ Kh8 21.
g3 Qh5 22. Nd4 Bxd1 23. Qxd1 Qxd1+ 24. Rxd1 bxc5 25. bxc5 Ng4 26. Nxf5 Bf6 27. Bxf6 Rxf6 28. Nxg7 Nxf2 29. Rf1 Kxg7 30. Bd5 Nh3+ 31. Kg2 Rxf1 32. Bxa8 Ra1 33. Bd5 Ng5 34. h4 Nf7 35. cxd6 cxd6 36. e4 Ne5 37. Kh3 h5 38. Kg2 Rc1 39. Kf2 Kf6 40. Ke3 Rc3+ 41. Kf4 Rf3# 0-1

[Event "*** Titled Tuesday Blitz"]
[Site "Chess.com"]
[Date "2021.04.20"]
[Round "1"]
[White "GoValya"]
[Black "ultranemesis"]
[Result "1-0"]
[WhiteElo "2290"]
[BlackElo "2556"]
[TimeControl "180+1"]
[EndTime "10:07:26 PDT"]
[Termination "GoValya won by checkmate"]

1. d4 Nf6 2. c4 e6 3. g3 d5 4.
Bg2 Be7 5. Nc3 O-O 6. cxd5 exd5 7.
Nf3 c6 8. O-O Re8 9. a3 a5 10.
Ne5 Nbd7 11. Nd3 Nb6 12. b3 Bf5 13. Ne5 Ne4 14. Nxe4 Bxe4 15. f3 Bf5 16. e4 Be6 17. Be3 a4 18. b4 Bf6 19. f4 dxe4 20. Bxe4 Bd5 21. Bd3 Nc8 22. Qh5 g6 23. Qh3 Nd6 24. f5 Ne4 25. fxg6 hxg6 26. Qg4 Bxe5 27. dxe5 Rxe5 28.
Bd4 Re8 29. Rae1 Bc4 30. Rxe4 Bxd3 31. Rxe8+ Qxe8 32. Rd1 Qe2 33. Qxe2 Bxe2 34. Re1 Re8 35. Kf2 Rd8 36. Bc5 Bg4 37. Re7 Rd2+ 38. Ke3 b5 39. Kf4 Be6 40. Re8+ Kg7 41. h4 Rd3 42. g4 Rxa3 43.
h5 gxh5 44. gxh5 Kf6 45. Bd4# 1-0

[Event "*** Titled Tuesday Blitz"]
[Site "Chess.com"]
[Date "2021.04.20"]
[Round "1"]
[White "losersgame"]
[Black "MatyChess1"]
[Result "0-1"]
[WhiteElo "2343"]
[BlackElo "2647"]
[TimeControl "180+1"]
[EndTime "10:07:27 PDT"]
[Termination "MatyChess1 won on time"]

1. d4 d5 2. c4 e6 3. Nc3 Bb4 4.
Nf3 dxc4 5. Bg5 Qd5 6. Bd2 Bxc3 7. bxc3 Nf6 8. Qc2 b5 9. Ng5 Bb7 10. f3 h6 11. e4 Qd8 12. Nh3 c5 13. Rb1 Bc6 14.
dxc5 Nbd7 15. Be3 Qe7 16. Qf2 a6 17. Be2 O-O 18. O-O Rac8 19. Rfd1 Ba8 20. a4 Bc6 21.
axb5 Bxb5 22. Rd6 Ne8 23. Rd4 e5 24. Rd5 Nef6 25. Rd6 Ne8 26. Rd5 Nc7 27. Rd6 Ne6 28. Rd5 Nexc5 29. f4 Nxe4 30. Qe1 Ndf6 31. Rxe5 Qc7 32.
Bd4 Rfe8 33. Bf3 Nd6 34. Nf2 Nd7 35. Re2 Rxe2 36. Qxe2 Re8 37. Qc2 Nc5 38. g3 Nd3 39. Qd2 Nf5 40. Nxd3 Nxd4 41. Ne5 Qxe5 0-1

[Event "*** Titled Tuesday Blitz"]
[Site "Chess.com"]
[Date "2021.04.20"]
[Round "1"]
[White "eljanov"]
[Black "Superfelix"]
[Result "1-0"]
[WhiteElo "2877"]
[BlackElo "2454"]
[TimeControl "180+1"]
[EndTime "10:07:28 PDT"]
[Termination "eljanov won by resignation"]

1. d4 g6 2. e4 c6 3. c3 d5 4. e5 h5 5. Nf3 Nh6 6. Be2 Bg4 7.
Nbd2 e6 8. h3 Bxf3 9. Nxf3 Nf5 10. Bd3 Nd7 11. O-O Be7 12. b4 a5 13. b5 c5 14. a4 c4 15. Bc2 b6 16. g3 Nf8 17. Kg2 Nh7 18. Rh1 Ng5 19. Ng1 Nh7 20. f4 g5 21. Bxf5 exf5 22. Qxh5 Qd7 23. Qh6 gxf4 24.
Bxf4 Qe6 25. Nf3 O-O-O 26. Qxe6+ fxe6 27. Rag1 Rdg8 28. Kf2 Ng5 29. Bxg5 Bxg5 30. g4 fxg4 31. Rxg4 Be7 32. Rxg8+ Rxg8 33. h4 Rh8 34. h5 Rh6 35.
Kg3 Kd7 36. Kg4 Ke8 37. Ng5 Kd7 38. Rf1 Rh8 39. Rf7 Rg8 40. Kf4 Ke8 41. Rf6 Bxf6 42. exf6 Rh8 43. Kg4 Kd7 44. Nf7 Rg8+ 45. Kf4 Rf8 46.
Ne5+ Kd6 47. f7 Rh8 48. Kg5 Ke7 49. Ng6+ Kxf7 50. Nxh8+ Kg7 51. h6+ 1-0

[Event "*** Titled Tuesday Blitz"]
[Site "Chess.com"]
[Date "2021.04.20"]
[Round "1"]
[White "aljado"]
[Black "4empechement"]
[Result "0-1"]
[WhiteElo "2055"]
[BlackElo "2492"]
[TimeControl "180+1"]
[EndTime "10:07:29 PDT"]
[Termination "4empechement won on time"]

1. e4 c6 2. d4 d5 3. Nc3 dxe4 4. f3 exf3 5. Nxf3 Bf5 6. Bc4 e6 7. O-O Nf6 8. Ng5 Bg6 9. Be3 h6 10. Nf3 Nbd7 11. Qe2 Bd6 12. Rad1 Qc7 13. h3 O-O 14. Bb3 Rae8 15. Nh4 Bh7 16. Qd2 e5 17. d5 e4 18.
dxc6 Bh2+ 19. Kh1 bxc6 20. Nf5 Bxf5 21. Rxf5 Re5 22. Rdf1 Rxf5 23. Rxf5 Kh7 24. Qd4 a6 25. Nxe4 Be5 26. Nxf6+ Nxf6 27. Qd3 Kg8 28. c3 Rd8 29. Qe2 Bg3 30. Qf3 Qd6 31. Bxh6 Ne4 32. Rxf7 Nf2+ 33. Qxf2 Bxf2 34. Rd7+ Kh7 35. Rxd6 Rxd6 36. Bf4 Rf6 0-1

[Event "*** Titled Tuesday Blitz"]
[Site "Chess.com"]
[Date "2021.04.20"]
[Round "1"]
[White "superchess02"]
[Black "KubaGepard"]
[Result "1-0"]
[WhiteElo "2734"]
[BlackElo "2407"]
[TimeControl "180+1"]
[EndTime "10:07:30 PDT"]
[Termination "superchess02 won by resignation"]

1. d4 d5 2. f4 Bf5 3. Nf3 e6 4. e3 Bd6 5. Bd3 Ne7 6. O-O O-O 7. c4 c6 8. Nc3 Nd7 9. e4 dxe4 10. Nxe4 Bc7 11. Qc2 Bb6 12. Be3 Rc8 13. Rad1 Qc7 14. a3 c5 15. b4 cxd4 16. Nxd4 Nd5 17. cxd5 Bxd4 18. Bxd4 Qxc2 19. Bxc2 Rxc2 20. Nd6 Bg4 21. Rc1 Rd2 22. Bxa7 Rxd5 23. Nxb7 Ra8 24. Bf2 h5 25.
Na5 Nf6 26. h3 Bf5 27. Rfd1 Be4 28. Bd4 Rad8 29. Nc6 R8d7 30. Kf2 Ne8 31. Re1 f5 32. Bc5 Rd2+ 33. Re2 Rxe2+ 34. Kxe2 Bxg2 35. Ne5 Rd5 36. b5 Nf6 37. b6 Ne4 38. b7 Rd2+ 39. Ke3 Rb2 40. Bb4 Kh7 41. b8=Q Rb3+ 42. Kd4 Nf2 43. Qe8 Bb7 44. Qxh5+ Kg8 45. Qf7+ Kh7 46. Qxb7 1-0

[Event "*** Titled Tuesday Blitz"]
[Site "Chess.com"]
[Date "2021.04.20"]
[Round "1"]
[White "Problematique_99"]
[Black "xImpervious"]
[Result "1-0"]
[WhiteElo "2510"]
[BlackElo "2154"]
[TimeControl "180+1"]
[EndTime "10:07:30 PDT"]
[Termination "Problematique_99 won by resignation"]

1. e4 c5 2. Nc3 Nc6 3. Bb5 Nd4 4. Nf3 e6 5. O-O a6 6. Bd3 b5 7. Nxd4 cxd4 8. Ne2 Bc5 9. c3 dxc3 10. bxc3 Ne7 11.
a4 b4 12. Bc2 bxc3 13. Nxc3 Nc6 14. Qg4 O-O 15. Kh1 Nd4 16. Bb1 Nb3 17. Ra2 Nxc1 18. Rxc1 d6 19. e5 dxe5 20. Qe4 f5 21. Qxa8 Bxf2 22.
Qf3 Qh4 23. Ne2 e4 24. Qh3 Qxh3 25. gxh3 e3 26. Rc7 e5 27. Rac2 Be6 28. Ba2 Bxa2 29. Rxa2 f4 30. dxe3 Bxe3 31. Rb2 f3 32. Ng3 f2 33.
Kg2 Bd4 34. Rbb7 e4 35. Rd7 Ba1 36. Re7 e3 37. Rxe3 Bd4 38. Rf3 h5 39. Rxf8+ Kxf8 40. Nxh5 Bf6 41. Nxf6 gxf6 42. Kxf2 1-0

[Event "*** Titled Tuesday Blitz"]
[Site "Chess.com"]
[Date "2021.04.20"]
[Round "1"]
[White "ural58"]
[Black "jannat65"]
[Result "0-1"]
[WhiteElo "2465"]
[BlackElo "2025"]
[TimeControl "180+1"]
[EndTime "10:07:32 PDT"]
[Termination "jannat65 won on time"]

1. e4 c6 2. Nc3 d5 3. Nf3 dxe4 4.
Nxe4 Bg4 5. h3 Bxf3 6. Qxf3 e6 7. Bc4 Nd7 8. d4 Ngf6 9. Bf4 Nxe4 10. Qxe4 Nf6 11.
Qd3 Be7 12. O-O-O b5 13. Bb3 a5 14. a4 bxa4 15. Bxa4 Qb6 16. Qb3 Ra6 17. Be5 O-O 18. Qxb6 Rxb6 19. c4 Rb4 20. b3 Ne4 21. Rhe1 Nc3 22.
c5 Nxd1 23. Rxd1 Rc8 24. Kc2 Bf6 25. Kc3 Bxe5 26. dxe5 Re4 27. Bxc6 Rxe5 28. Kc4 h6 29. Kb5 Rb8+ 30. Ka6 Rxc5 31. Ba4 Rb4 32. g3 Rd5 33. Rc1 f5 34. f4 g5 35. Rc6 Kf7 36. fxg5 hxg5 37.
Rc8 f4 38. gxf4 gxf4 39. Be8+ Kf6 40. Bc6 Rd6 41. Kxa5 Rxb3 42. Ba4 Rxh3 43. Rf8+ Ke5 44. Kb5 f3 45. Kc5 Rd2 46. Bb5 f2 47. Ba6 Rc2+ 48.
Kb4 Rh1 0-1

[Event "*** Titled Tuesday Blitz"]
[Site "Chess.com"]
[Date "2021.04.20"]
[Round "1"]
[White "bricolageur"]
[Black "SilviusTiberius"]
[Result "0-1"]
[WhiteElo "2254"]
[BlackElo "2577"]
[TimeControl "180+1"]
[EndTime "10:07:34 PDT"]
[Termination "SilviusTiberius won by checkmate"]

1. e4 e5 2. Nf3 Nc6 3. Bc4 Bc5 4.
d3 Nf6 5. Bg5 h6 6. Bh4 Be7 7.
Bg3 d6 8. a4 O-O 9. Nc3 Bg4 10.
h3 Be6 11. O-O Qd7 12. Re1 Rae8 13. a5 a6 14. Nd5 Bd8 15. Bb3 Kh8 16. c4 Ng8 17.
Ba4 f5 18. exf5 Bxf5 19. d4 e4 20. Nh2 Qf7 21. Nf1 Bh7 22. b4 Nf6 23. Nfe3 Nh5 24. Rf1 Bg5 25. Bh2 Rc8 26. Rb1 Nf4 27. Bxf4 Bxf4 28.
Nxf4 Qxf4 29. Qd2 Ne7 30. b5 Ng6 31. bxa6 bxa6 32. Rb7 Nh4 33. Bd7 Rb8 34. Rxc7 Qg5 35. Kh1 Rb3 36. Rg1 Qf6 37. Ng4 Qd8 38. Ra7 Qb8 39. Rxa6 Rb2 40. Qe3 h5 41. Nh2 Rbxf2 42. Rb6 Qc7 43. Bc6 d5 44. Bxd5 Nf3 45. Nxf3 R8xf3 46. Qg5 Rxh3+ 47. gxh3 Qh2# 0-1

[Event "*** Titled Tuesday Blitz"]
[Site "Chess.com"]
[Date "2021.04.20"]
[Round "1"]
[White "tgpgoat"]
[Black "federicosellitti"]
[Result "0-1"]
[WhiteElo "2279"]
[BlackElo "2595"]
[TimeControl "180+1"]
[EndTime "10:07:36 PDT"]
[Termination "federicosellitti won on time"]

1. d4 d5 2. c4 Nc6 3. cxd5 Qxd5 4. e3 e5 5. Nc3 Bb4 6. dxe5 Qxd1+ 7. Kxd1 Bxc3 8. bxc3 Nxe5 9. c4 Be6 10. Bb2 f6 11.
Bxe5 fxe5 12. Nf3 Bg4 13. Be2 O-O-O+ 14. Kc2 Nf6 15. Rhd1 Ne4 16. Rxd8+ Rxd8 17. Bd3 Nxf2 18. Bxh7 Rh8 19. Bg6 Bxf3 20. gxf3 Rxh2 21. Kc3 c6 22. Bf5+ Kc7 23. Rg1 Kb6 24. Rxg7 Nd1+ 25. Kb3 Rb2+ 26. Ka3 Kc5 27. Rg1 Rd2 28. Be6 Nxe3 29. Rg7 Nc2+ 30.
Kb3 Nd4+ 31. Kc3 Nxe6 32. Rxb7 Rxa2 33. Kb3 Ra6 34. Re7 Kd6 35. Re8 Nd4+ 36. Kc3 Nxf3 37.
Rf8 Nd4 38. Rf6+ Kc5 39. Rf8 Ra3+ 40. Kd2 Kxc4 41. Re8 Rd3+ 42. Kc1 Kc3 0-1

[Event "*** Titled Tuesday Blitz"]
[Site "Chess.com"]
[Date "2021.04.20"]
[Round "1"]
[White "prachiti01"]
[Black "maxip32"]
[Result "1/2-1/2"]
[WhiteElo "2212"]
[BlackElo "2522"]
[TimeControl "180+1"]
[EndTime "10:07:36 PDT"]
[Termination "Game drawn by repetition"]

1. e4 c5 2. c3 Nf6 3. e5 Nd5 4. Nf3 Nc6 5. Bc4 Nb6 6. Bb3 d5 7. exd6 Qxd6 8. O-O e6 9. d4 cxd4 10. cxd4 Be7 11. Nc3 O-O 12. h3 a6 13. Be3 Nb4 14. a3 N4d5 15. Ne4 Qd8 16. Bg5 Bxg5 17. Nexg5 h6 18. Ne4 Bd7 19. Rc1 Rc8 20. Qd2 Bc6 21. Ne5 Bb5 22. Rxc8 Nxc8 23. Rc1 Nd6 24. Bxd5 exd5 25.
Nc3 Nc4 26. Nxc4 Bxc4 27. Re1 Re8 28. Re3 Qd7 29. Qe1 Rxe3 30. Qxe3 Kh7 31. Qe5 f6 32. Qe3 Qf5 33. Qd2 h5 34. Nd1 g5 35. Ne3 Qb1+ 36.
Kh2 Ba2 37. Qc2+ Qxc2 38. Nxc2 Kg6 39. Kg3 Kf5 40. f3 Bb3 41. Ne3+ Ke6 42. Kf2 f5 43. Ke2 f4 44. Nf1 Bc4+ 45. Kf2 Kd6 46. Nd2 Kc6 47. Ke1 Kb5 48. Kd1 Bd3 49. Kc1 a5 50.
Kd1 Kc6 51. Ke1 b5 52. Kf2 b4 53. axb4 axb4 54. Ke1 Kb5 55. Kf2 Ka4 56. Ke1 Bf5 57.
Kf2 Bd3 58. Ke1 Kb5 59. Kf2 Kc6 60. Ke1 Kd6 61. Kf2 Ke6 62. Ke1 Kf5 63. Kf2 g4 64. h4 Bc2 65. Ke1 Bd3 66. Kf2 gxf3 67. gxf3 Bc2 68. Ke1 Bd3 69. Kf2 Ke6 70. Ke1 Kf5 71.
Kf2 1/2-1/2

[Event "*** Titled Tuesday Blitz"]
[Site "Chess.com"]
[Date "2021.04.20"]
[Round "1"]
[White "Kostukov_Alex"]
[Black "grzechu96"]
[Result "0-1"]
[WhiteElo "2355"]
[BlackElo "2658"]
[TimeControl "180+1"]
[EndTime "10:07:37 PDT"]
[Termination "grzechu96 won on time"]

1. g3 c5 2. Bg2 d5 3. d3 Nf6 4. e4 Nc6 5. Qe2 Bg4 6. f3 Be6 7. e5 Nd7 8. f4 g6 9. Nf3 Bg4 10. O-O e6 11. c3 h5 12. h3 Bxf3 13.
Bxf3 Qc7 14. Na3 Be7 15. Be3 a6 16. Nc2 g5 17. d4 h4 18. fxg5 O-O-O 19. Bh5 hxg3 20.
Rxf7 Rdg8 21. h4 Qd8 22. Raf1 Qe8 23. Kg2 Nb6 24. Kxg3 Nd8 25. Qg4 Nc4 26. g6 Nxe3 27. Nxe3 Rxh5 28. Qxh5 Nxf7 29. Qg4 Nd8 30. h5 Bf8 31.
Rf6 Bh6 32. Ng2 Kb8 33. Nh4 Qb5 34. Qf3 Qxb2 35. Ng2 Qc1 36. Nf4 Qe1+ 37. Kh3 Re8 0-1

[Event "*** Titled Tuesday Blitz"]
[Site "Chess.com"]
[Date "2021.04.20"]
[Round "1"]
[White "AlexSuv"]
[Black "Roedor"]
[Result "1-0"]
[WhiteElo "2583"]
[BlackElo "2266"]
[TimeControl "180+1"]
[EndTime "10:07:38 PDT"]
[Termination "AlexSuv won by checkmate"]

1. d4 Nf6 2. c4 g6 3. Nc3 Bg7 4. e4 d6 5. Nf3 O-O 6. Be2 e5 7. Be3 Ng4 8. Bg5 f6 9. Bh4 Nc6 10. d5 Ne7 11. Nd2 Nh6 12. f3 Nf7 13.
Bf2 Bh6 14. c5 f5 15. Nc4 fxe4 16. Nxe4 Nf5 17. O-O Qe7 18. a4 Bd7 19. a5 a6 20.
cxd6 cxd6 21. Nb6 Rad8 22. Ra3 Ng5 23. Rc3 Bb5 24. Bxb5 axb5 25. Nxg5 Bxg5 26. Qb3 Nd4 27. Bxd4 exd4 28. Rd3 Be3+ 29. Kh1 Rf5 30. Qxb5 Rh5 31. g3 Qg5 32. Kg2 Bf4 33. Rg1 Qe5 34. Rdd1 Re8 35. gxf4 Qe2+ 36. Qxe2 Rxe2+ 37. Kg3 Rexh2 38. f5 g5 39. f4 R5h3+ 40. Kg4 Kg7 41. fxg5 Rh4+ 42. Kf3 R4h3+ 43.
Rg3 Rxg3+ 44. Kxg3 Rxb2 45. Rxd4 Rb5 46. Rc4 Rxa5 47. Rc7+ Kg8 48. f6 Ra3+ 49. Kg4 h6 50. g6 Ra4+ 51. Kf5 h5 52. Rc8# 1-0

[Event "*** Titled Tuesday Blitz"]
[Site "Chess.com"]
[Date "2021.04.20"]
[Round "1"]
[White "IljaJoke"]
[Black "ChampStan"]
[Result "0-1"]
[WhiteElo "2480"]
[BlackElo "2080"]
[TimeControl "180+1"]
[EndTime "10:07:38 PDT"]
[Termination "ChampStan won by resignation"]

1. d4 Nf6 2. c4 e6 3. g3 d5 4. Nf3 Be7 5. Bg2 O-O 6. O-O dxc4 7. Qc2 b5 8. a4 c6 9. axb5 cxb5 10. Ng5 h6 11. Bxa8 hxg5 12. Bxg5 Qxd4 13. Be3 Qe5 14. Rxa7 Nbd7 15. Bg2 Bc5 16. Bxc5 Nxc5 17. Ra8 Nd5 18. Nc3 Nb4 19. Qd2 Nb3 20. Qf4 Qxf4 21. gxf4 Bd7 22. Rxf8+ Kxf8 23. Rd1 Ke7 24. h4 g6 25. Bf3 Na6 26.
h5 gxh5 27. Bxh5 f5 28. Ne4 fxe4 29. Bg6 Nac5 30. Kg2 Bc6 31. Kg3 Na4 32. f5 exf5 33. Bxf5 Nxb2 34. Rh1 c3 35. Kf4 Nd2 36. Rh7+ Kd6 37.
Ke3 Kc5 38. f3 Nbc4+ 39. Kf4 exf3 40. exf3 Nxf3 41. Rh5 Nd4 42. Be4+ Kb6 43. Rh6 Kc5 44.
Rh5+ Kb4 45. Bd3 c2 46. Rh1 Kc3 47. Bg6 Bxh1 0-1

[Event "*** Titled Tuesday Blitz"]
[Site "Chess.com"]
[Date "2021.04.20"]
[Round "1"]
[White "juancruzarias"]
[Black "parintele_chess"]
[Result "1-0"]
[WhiteElo "2564"]
[BlackElo "2235"]
[TimeControl "180+1"]
[EndTime "10:07:39 PDT"]
[Termination "juancruzarias won by resignation"]

1. d4 Nf6 2. Nf3 b6 3. e3 Bb7 4. Bd3 e6 5. O-O d6 6. Nbd2 Nbd7 7. e4 Be7 8. c3 h6 9. Qe2 O-O 10. Re1 c5 11. Nf1 e5 12. dxe5 Nxe5 13. Nxe5 dxe5 14.
Ng3 Bc8 15. Be3 Be6 16. Bc4 Bg4 17. f3 Bh5 18. Red1 Qc7 19. Nf5 Bg6 20. g4 Bxf5 21.
gxf5 Rad8 22. Kh1 Nh7 23. Rg1 Bg5 24. h4 Bxe3 25. Qxe3 Kh8 26. Rg2 Qe7 27. Qf2 Qf6 28.
Rag1 Rg8 29. Rg4 h5 30. Rg5 Nxg5 31. hxg5 Qd6 32. Bxf7 Qd2 33. Qh4 g6 34. fxg6 Kg7 35.
Bxg8 Rxg8 36. Qg3 Re8 37. Qh3 Qf4 38. Rd1 Kxg6 39. Rd6+ Kg7 40. Qd7+ Qf7 41. Qf5 Qxf5 42. exf5 e4 43. Rd7+ Kg8 44. f6 Rf8 45. fxe4 1-0

[Event "*** Titled Tuesday Blitz"]
[Site "Chess.com"]
[Date "2021.04.20"]
[Round "1"]
[White "AlleyOoper"]
[Black "esrosenberg"]
[Result "1-0"]
[WhiteElo "2531"]
[BlackElo "2202"]
[TimeControl "180+1"]
[EndTime "10:07:41 PDT"]
[Termination "AlleyOoper won by checkmate"]

1. d4 Nf6 2. Nc3 d5 3. Bf4 a6 4. e3 c5 5. dxc5 Nc6 6. Nf3 Bg4 7. Be2 e6 8. Na4 Be7 9. c3 O-O 10. b4 Ne4 11. Qb3 Bf6 12. Rc1 a5 13. Nb6 Ra7 14. h3 Bxf3 15. gxf3 axb4 16. fxe4 Bxc3+ 17. Kf1 dxe4 18. Bd6 Re8 19. Nc4 Na5 20. Nxa5 Rxa5 21. Rg1 Qh4 22. Rg3 Raa8 23. Bb5 Red8 24. Rxc3 bxc3 25.
Qxc3 f6 26. Be7 Rd1+ 27. Kg2 Rd3 28. Bxd3 exd3 29. Qxd3 Kf7 30. Qd7 Qe4+ 31. Kh2 Qc6 32. Qxc6 bxc6 33. Bd6 Rxa2 34. Kg2 e5 35. Rg4 f5 36. Rb4 e4 37. Rb7+ Ke6 38. Rxg7 f4 39. Bxf4 Kd5 40. Rxh7 Kxc5 41. Rc7 Kb6 42. h4 Ra8 43. h5 Rh8 44. h6 Rxh6 45. Bxh6 Kxc7 46. Kg3 c5 47. Kf4 c4 48. Kxe4 c3 49. Kd3 c2 50. Kxc2 Kd7 51. Kd3 Ke6 52. Ke4 Kf6 53. f4 Kg6 54. Bg5 Kf7 55. Kf3 Kg6 56. e4 Kf7 57. e5 Ke6 58. Ke4 Kf7 59. f5 Ke8 60.
Kd5 Kf8 61. f6 Ke8 62. e6 Kf8 63. Bh6+ Kg8 64. f7+ Kh7 65. e7 Kxh6 66. f8=Q+ Kh7 67. Qf7+ Kh6 68. Qg8 Kh5 69. e8=Q+ Kh4 70. Qe4+ Kh3 71. Qeh7# 1-0

[Event "*** Titled Tuesday Blitz"]
[Site "Chess.com"]
[Date "2021.04.20"]
[Round "1"]
[White "RzayevB"]
[Black "BashirliSaadat"]
[Result "1-0"]
[WhiteElo "2535"]
[BlackElo "2198"]
[TimeControl "180+1"]
[EndTime "10:07:42 PDT"]
[Termination "RzayevB won by checkmate"]

1. e4 c5 2. Nf3 g6 3. Nc3 Bg7 4. g3 e6 5. Bg2 Ne7 6. d4 cxd4 7. Nxd4 Nbc6 8. Ndb5 O-O 9. O-O Qa5 10. Nd6 a6 11. a4 b5 12. Be3 b4 13. Ne2 Bxb2 14.
Nc4 Qd8 15. Nxb2 d5 16. Bc5 dxe4 17. Bxe4 Qxd1 18. Rfxd1 Rb8 19. Bxc6 Nxc6 20. Bxf8 Kxf8 21. Nd4 Ne5 22. f4 Ng4 23. Nc4 Bb7 24. h3 Nf6 25.
Nd6 Bd5 26. Nb3 Rd8 27. Nc4 Rc8 28. Ne3 Be4 29. Rd2 Rc3 30. Kf2 Kg7 31. Re1 Bc6 32.
Nd4 Bxa4 33. Rd3 Rc8 34. Nf3 a5 35. Ne5 Bb5 36. Rd4 Rc3 37. g4 Rc8 38. g5 Ne8 39. Ra1 Ra8 40. Rxb4 Bc6 41. Nxc6 Nd6 42. Rxa5 Rc8 43.
Ne5 Rc3 44. Rb7 Rc8 45. Rd7 Nf5 46. Rxf7+ Kg8 47. Nxf5 exf5 48. Raa7 Rxc2+ 49. Ke3 Rc3+ 50. Kd4 Rc8 51. Rg7+ Kf8 52. Raf7+ Ke8 53. Rg8# 1-0

[Event "*** Titled Tuesday Blitz"]
[Site "Chess.com"]
[Date "2021.04.20"]
[Round "1"]
[White "Supernotar"]
[Black "PavelChernomordik"]
[Result "1-0"]
[WhiteElo "2665"]
[BlackElo "2365"]
[TimeControl "180+1"]
[EndTime "10:07:43 PDT"]
[Termination "Supernotar won by resignation"]

1. d4 g6 2. c3 Bg7 3. Nf3 d6 4. Bf4 Nd7 5. h3 e5 6. Bh2 Qe7 7. e3 Nh6 8. Be2 O-O 9. O-O c6 10. dxe5 dxe5 11. Nbd2 Nb6 12. Qc2 f5 13. a4 Nd5 14. a5 g5 15. Nc4 f4 16. exf4 gxf4 17.
Bd3 Bf5 18. Rfe1 Bxd3 19. Qxd3 Nf7 20. Re2 Rae8 21. Rae1 Qc7 22. Qc2 b5 23. axb6 axb6 24. Ncd2 Re7 25. Ne4 Rfe8 26. Neg5 Nxg5 27. Nxg5 Bf6 28. Ne4 b5 29. c4 bxc4 30. Qxc4 Kh8 31. b4 Bh4 32. b5 f3 33. gxf3 Rg7+ 34. Bg3 Re6 35. bxc6 Qxc6 36. Qxc6 Rxc6 37. Kh2 Bxg3+ 38. fxg3 Rf7 39. Ng5 Rf5 40. Rxe5 Rxe5 41. Rxe5 Rc2+ 42. Kg1 Nc3 43. Kf1 h6 44. Ne4 Nd1 45. f4 Ne3+ 46. Ke1 Ng2+ 47. Kf1 Ne3+ 48. Kg1 Rg2+ 49. Kh1 Rc2 50. Re7 Rc1+ 51. Kh2 Rc2+ 52. Kg1 Rg2+ 53. Kh1 Rc2 54. Nf6 Rc1+ 55. Kh2 Rc2+ 56. Kg1 Rc1+ 57.
Kf2 Rf1+ 58. Ke2 1-0

[Event "*** Titled Tuesday Blitz"]
[Site "Chess.com"]
[Date "2021.04.20"]
[Round "1"]
[White "MateusViageiro"]
[Black "KeithArkell"]
[Result "0-1"]
[WhiteElo "2298"]
[BlackElo "2604"]
[TimeControl "180+1"]
[EndTime "10:07:43 PDT"]
[Termination "KeithArkell won on time"]

1. Nf3 Nf6 2. d4 e6 3. g3 b5 4.
Bg2 Bb7 5. O-O c5 6. a4 b4 7. c3 Na6 8. Bg5 Be7 9. Nbd2 O-O 10. dxc5 bxc3 11. bxc3 Nxc5 12. Nb3 Nce4 13. Bxf6 Bxf6 14. Qd3 Nxc3 15. Rac1 Be4 16. Qe3 Qc7 17. Qxe4 Nxe4 18. Rxc7 d5 19. Nc5 Nc3 20. e3 Rfc8 21. Rxc8+ Rxc8 22. Nd7 Be7 23. Nde5 f6 24. Nd3 e5 25. Nh4 g6 26. a5 Kf7 27. Kh1 Ke6 28. Rc1 f5 29. f4 e4 30. Nf2 Bb4 31. Nd1 Bxa5 32. Bf1 Rc7 33. Ng2 Nxd1 34. Rxd1 Bc3 35. Ne1 a5 36. Nc2 a4 37. Nd4+ Bxd4 38. Rxd4 a3 39. Ra4 Rc3 40. Ra6+ Ke7 41. Ra7+ Kd6 42. Kg1 Rxe3 43.
Rxh7 Rb3 44. Ra7 d4 45. Bc4 Rb1+ 46. Kf2 Rb2+ 47. Kf1 d3 48. Bf7 Rb1+ 49. Kf2 d2 0-1